 Dungeon Crawl Stone Soup version 0.22-a0-284-g99d1f74 (webtiles) character file.

3 Amnesiac the Ducker (level 1, -4/11 HPs)
             Began as a Spriggan Fighter on Mar 21, 2018.
             Slain by a centaur skeleton (7 damage)
             ... on level 4 of the Dungeon.
             The game lasted 00:01:21 (300 turns).

Amnesiac the Ducker (Spriggan Fighter)               Turns: 300, Time: 00:01:21

Health: -4/11      AC:  2    Str: 17    XL:     1   Next: 41%
Magic:  2/2        EV: 19    Int:  9    God:
Gold:   65         SH:  6    Dex: 15    Spells: 0/0 levels left

rFire    . . .     SeeInvis +   a - +0 long sword
rCold    . . .     Gourm    .   c - +0 buckler
rNeg     . . .     Faith    .   b - +0 robe
rPois    .         Spirit   .   (helmet restricted)
rElec    .         Reflect  .   (no cloak)
rCorr    .         Harm     .   (gloves unavailable)
MR       .....                  (boots unavailable)
Stlth    +.........             (no amulet)
HPRegen  0.03/turn              (no ring)
MPRegen  0.08/turn              (no ring)

@: mighty, very quick
A: very small, unfitting armour, see invisible, herbivore, speed 3, slow
metabolism 2
a: no special abilities


You were on level 4 of the Dungeon.
You were not hungry.

You visited 1 branch of the dungeon, and saw 4 of its levels.

You collected 65 gold pieces.

Inventory:

Hand Weapons
 a - a +0 long sword (weapon)
Armour
 b - a +0 robe (worn)
 c - a +0 buckler (worn)
Scrolls
 g - 2 scrolls of identify {!r, unknown}
Potions
 e - a potion of invisibility {!q, unknown}
 h - a potion of heal wounds {!q, unknown}
 i - a potion of agility {!q, unknown}
Comestibles
 f - 2 rations


   Skills:
 + Level 2.4 Fighting
 * Level 1.7 Long Blades
 + Level 4.4 Dodging
 + Level 2.2 Shields


You couldn't memorise any spells.
You didn't know any spells.

Dungeon Overview and Level Annotations

Branches:
Dungeon (4/15)
 Temple: D:4-7

Altars:


Innate Abilities, Weirdness & Mutations

You are very small and have problems with some larger weapons.
You are too small for most types of armour.
You have supernaturally acute eyesight. (SInv)
You are a herbivore.
You cover ground extremely quickly.
You need to consume almost no food.


Message History

You now have 54 gold pieces (gained 13). 2 rats come into view.
There is a large open door here.
There is a stone staircase leading down here.
You climb downwards.
There is a stone staircase leading up here.
An orc comes into view. It is wielding a flail.
The orc shouts!
The orc barely misses you.
You barely miss the orc. You block the orc's attack.
You hit the orc.
The orc is heavily wounded.
The orc hits you but does no damage.
You hit the orc but do no damage.
The orc is heavily wounded.
The orc closely misses you.
Found a puce potion.
You see here a puce potion {!q}.
i - a puce potion {!q}
Okay, then.
You slash the orc!
You kill the orc!
Things that are here:
a flail; an orc corpse An orc comes into view.
It is wielding a trident of venom.
An orc is nearby!
Found a ration.
An adder comes into view.
The adder hisses angrily.
You see here a ration.
f - 2 rations (gained 1)
The adder bites you. You block the adder's attack.
The orc shouts!
Found 18 arrows and 11 gold pieces.
You see here 18 arrows.
You see here 11 gold pieces.
You now have 65 gold pieces (gained 11).
You open the door.
There is an open door here.
Found 21 sling bullets.
You close the door.
An adder comes into view.
The adder hisses angrily.
A worm comes into view.
An ooze comes into view.
Found a stone staircase leading down.
The ooze quivers.
You open the door.
There is an open door here.
As you close the door, it creaks loudly!
A leopard gecko comes into view.
A centaur skeleton comes into view.
Found a stone staircase leading up.
A worker ant comes into view.
Found 15 gold pieces.
Okay, then.
Really quaff
d - a potion of might {!q}?
You feel very mighty all of a sudden. The centaur skeleton hits you!
Ouch! That really hurt!
* * * LOW HITPOINT WARNING * * *
The centaur skeleton hits you!
Ouch! That really hurt!
You die...

### #.### #...#
########## #@#a#
#........# #Z#.#
#.######.# #.#.# #.# #.#
#.#.# #.# #.# #.#$#
###.######.#####.#.#.##
........................
###.######.#####.#.####.
#.# #.# #.#.#


You could see a centaur skeleton.

Vanquished Creatures
  An orc (D:4)
  A ball python (D:2)
  A kobold (D:3)
3 creatures vanquished.

Notes
Turn   | Place    | Note
-------+----------+-------------------------------------------
     0 | D:1      | Amnesiac the Spriggan Fighter began the quest for the Orb.
     0 | D:1      | Reached XP level 1. HP: 11/11 MP: 2/2
   298 | D:4      | Noticed a worker ant
   300 | D:4      | Slain by a centaur skeleton

Vault maps used:
D:1:      minmay_arrival_split_and_join
D:2:      uniq_terence, uniq_natasha, uniq_robin
D:3:      kennysheep_big_flooded_room
D:4:      first_ration

Action                   || total
-------------------------++-------
Melee: Long sword        ||    10
  Use: Potion            ||     1
Armor: Robe              ||     1
Dodge: Dodged            ||     9
Block: Buckler           ||     7
       Rpst.: Long sword ||     3

Table legend:
 A = Spawn XP
 B = Non-spawn XP
 C = Spawn XP percentage of total XP
 D = Spawn monster count
 E = Non-spawn monster count
 F = Spawn count percentage of total count
 G = Total turns spent on level
                    A         B        C        D         E        F      G
               +---------+---------+-------+---------+---------+-------+---------
         Total |       0 |       5 |   0.0 |       0 |       3 |   0.0 |   300
               +---------+---------+-------+---------+---------+-------+---------
           D:2 |       0 |       1 |   0.0 |       0 |       1 |   0.0 |   103
           D:3 |       0 |       1 |   0.0 |       0 |       1 |   0.0 |    45
           D:4 |       0 |       3 |   0.0 |       0 |       1 |   0.0 |   138
               +---------+---------+-------+---------+---------+-------+---------
